 Dungeon Crawl Stone Soup version 0.30.1-3-gfc49f6343a (webtiles) character file.

Game seed: 13143119690178755224

29 Heoruswealwe the Trooper (level 2, -1/26 HPs)
             Began as a Demigod Fighter on July 26, 2023.
             Slain by a gnoll
             ... wielding a +0 whip
              (4 damage)
             ... on level 2 of the Dungeon.
             The game lasted 00:08:59 (1117 turns).

Heoruswealwe the Trooper (Demigod Fighter)          Turns: 1117, Time: 00:09:00

Health: -1/26      AC:  6    Str: 17    XL:     2   Next: 81%
Magic:  4/4        EV:  6    Int: 10    God:
Gold:   70         SH:  4    Dex: 13    Spells: 1/1 levels left

rFire   . . .        a - +0 war axe
rCold   . . .        d - +0 buckler
rNeg    . . .        c - +0 scale mail
rPois   .            (no helmet)
rElec   .            (no cloak)
rCorr   +            (no gloves)
SInv    .            (no boots)
Will    .....        (no amulet) Stlth
                     k - ring of resist corrosion
HPRegen 0.24/turn    j - ring of flight
MPRegen 0.09/turn

%: no passive effects
@: mighty, brilliant, flying, constricted
A: high MP 1, forlorn, divine attributes
a: no special abilities


You were on level 2 of the Dungeon.
You visited 1 branch of the dungeon, and saw 2 of its levels.

You collected 70 gold pieces.

Inventory:

Hand Weapons
 a - a +0 war axe (weapon)
Armour
 c - a +0 scale mail (worn)
 d - a +0 buckler (worn)
Jewellery
 j - a ring of flight (right hand)
 k - a ring of resist corrosion (left hand)
Scrolls
 f - a scroll of enchant weapon {unknown}
 g - a scroll of noise {unknown}
 h - 2 scrolls of identify {unknown}
 i - a scroll of teleportation {unknown}
Potions
 b - a potion of might


   Skills:
 + Level 3.0 Fighting
 + Level 2.2 Axes
 + Level 3.0 Armour
 + Level 3.0 Shields


You had one spell level left.
You didn't know any spells.
Your spell library was empty.

Dungeon Overview and Level Annotations

Branches:
Dungeon (2/15)


Innate Abilities, Weirdness & Mutations

You have an increased reservoir of magic. (+10% MP)
You shall have no god before yourself.
Your divine heritage dramatically boosts your attributes as you level up.


Message History

A gnoll comes into view. It is wielding a +0 whip.
The gnoll shouts!
You hear a shout!
A ball python comes into view.
Found a pair of glowing gloves. 2 gnolls come into view.
The gnoll shouts! x2; The ball python hisses angrily.
A gnoll comes into view. It is wielding a +0 flail.
There is an open door here.
You slash the gnoll!
The gnoll is heavily wounded.
The gnoll barely misses you.
You hit the gnoll.
The gnoll is almost dead.
The gnoll hits you from afar with a +0 halberd.
The gnoll hits you with a +0 whip. The gnoll closely misses you.
The gnoll hits you from afar with a +0 halberd!
The gnoll barely misses you. The gnoll hits you with a +0 whip.
* * * LOW HITPOINT WARNING * * *
You closely miss the gnoll.
The gnoll is almost dead.
You hit the gnoll. The gnoll closely misses you. x2
The gnoll hits you from afar with a +0 spear.
* * * LOW HITPOINT WARNING * * *
You feel very mighty all of a sudden. The gnoll misses you.
The gnoll closely misses you.
You slash the gnoll!
You kill the gnoll!
You closely miss the gnoll. The gnoll closely misses you.
The gnoll hits you from afar with a +0 spear.
* * * LOW HITPOINT WARNING * * *
The ball python bites you but does no damage.
The ball python grabs you. The ball python constricts you.
* * * LOW HITPOINT WARNING * * *
Your Fighting skill increases to level 3!
Your Armour skill increases to level 3!
Your Shields skill increases to level 3!
It was a potion of brilliance.
You feel clever all of a sudden. The gnoll hits you with a +0 whip.
You die...

.# #.# #.. ....... .# #.#
#.#.# ....... . #.#
#####.#.# ....... . #.#
#.....#.# ....... ##.#.#
#.....#.# ....... ..
#.####.....#.# [......
####..).......#.##g......
................gSg......
.##†#...........@#.......
..#.#............#.....##
..#.#............#.....#
..#.#............#.....#
..#.#............#.....#
#.#.#.....#.#....#.....#
#...'.....#.#.......####
###.#.......#..........
....#...#####..........


You could see 3 gnolls and a ball python.

Vanquished Creatures
  A gnoll (D:2)
  2 bats (D:1)
  2 endoplasms
  A giant cockroach (D:2)
  6 jackals
  A ball python (D:1)
  A frilled lizard (D:1)
  4 rats
18 creatures vanquished.

Notes
Turn   | Place    | Note
-------+----------+-------------------------------------------
     0 | D:1      | Heoruswealwe the Demigod Fighter began the quest for the
                  | Orb.
     0 | D:1      | Reached XP level 1. HP: 18/18 MP: 3/3
   744 | D:1      | Reached XP level 2. HP: 22/25 MP: 4/4
  1117 | D:2      | Slain by a gnoll

Illustrated notes

Levels and vault maps discovered:
D:1:      eino_arrival_cavern_a, layout_basic, grunt_decor_resistance,
          dk_noncrumbling_2
D:2:      layout_basic, hex_medium

Skill      XL: |  1  2 |
---------------+-------+-----
Axes           | 2 |  2.2
Fighting       | 3 |  3.0
Armour         | 3 |  3.0
Shields        | 3 |  3.0

Action                     || total
---------------------------++-------
  Melee: War axe           ||    57
    Use: Potion            ||     2
 Armour: Scale mail        ||    31
  Dodge: Dodged            ||    39
  Block: Buckler           ||     8
